 Dungeon Crawl Stone Soup version 0.29.1-13-g9f3cf754e1 (webtiles) character file.

Game seed: 10393324140532571887

505 raph the Carver (level 7, -6/54 HPs)
             Began as a Barachi Fighter on Jan 28, 2023.
             Killed by divine providence
             ... invoked by an orc priest
              (16 damage)
             ... on level 5 of the Dungeon.
             The game lasted 00:05:16 (4917 turns).

raph the Carver (Barachi Fighter)                   Turns: 4917, Time: 00:05:17

Health: -6/54      AC: 16    Str: 23    XL:     7   Next: 18%
Magic:  7/7        EV: 10    Int: 13    God:
Gold:   240        SH:  0    Dex: 13    Spells: 6/6 levels left

rFire   . . .      SeeInvis .   t - +0 great sword
rCold   . . .      Faith    .   (shield currently unavailable)
rNeg    . . .      Spirit   .   w - +7 ring mail of Going Fast {Int+4}
rPois   .          Reflect  .   q - +0 helmet
rElec   .          Harm     .   (no cloak)
rCorr   .          Rampage  .   y - +0 pair of gloves
Will    .....                   g - +0 pair of boots
Stlth   +.........              (no amulet)
HPRegen 0.18/turn               e - +6 ring of strength
MPRegen 0.10/turn               (no ring)

@: slow
A: amphibious, slowness 1, strong legs 1, +LOS
a: Hop


You were on level 5 of the Dungeon.
You visited 1 branch of the dungeon, and saw 5 of its levels.

You collected 240 gold pieces.

Inventory:

Hand Weapons
 a - a +0 long sword
 t - a +0 great sword (weapon)
Missiles
 d - 3 javelins
 k - 8 poisoned darts
Armour
 b - a +0 scale mail
 c - a +0 buckler
 g - a +0 pair of boots (worn)
 q - a +0 helmet (worn)
 w - the +7 ring mail of Going Fast (worn) {Int+4}
   (You found it on level 4 of the Dungeon)

   Int:       It affects your intelligence (+4).
 y - a +0 pair of gloves (worn)
Jewellery
 e - a +6 ring of strength (left hand)
 v - a ring of resist corrosion
Scrolls
 f - a scroll of blinking
 h - a scroll of immolation
 p - a scroll of torment {unknown}
 s - a scroll of fog {unknown}
 x - a scroll of noise {unknown}
Potions
 i - a potion of brilliance
 j - 2 potions of flight {unknown}
 l - a potion of resistance {unknown}
 m - a potion of mutation {unknown}
 n - a potion of haste {unknown}
 o - 2 potions of attraction {unknown}
 r - 2 potions of curing {unknown}
 u - a potion of berserk rage {unknown}


   Skills:
 - Level 4.0 Fighting
 + Level 8.5 Long Blades
 - Level 4.0 Armour
 - Level 3.7 Shields


You had 6 spell levels left.
You didn't know any spells.
Your spell library contained the following spells:

 Spells                   Type           Power      Damage    Failure   Level
 Apportation              Tloc           0%         N/A       43%         1
 Foxfire                  Conj/Fire      0%         2x1d4     43%         1
 Call Canine Familiar     Summ           0%         N/A       80%         3
 Conjure Flame            Conj/Fire      0%         6-21      80%         3
 Frozen Ramparts          Ice            0%         1d1       80%         3
 Gell's Gravitas          Tloc           0%         N/A       80%         3
 Inner Flame              Hex/Fire       0%         N/A       80%         3
 Portal Projectile        Hex/Tloc       0%         N/A       80%         3
 Teleport Other           Tloc           0%         N/A       80%         3
 Flame Wave               Conj/Fire      0%         2d4       99%         4
 Ice Form                 Ice/Tmut       0%         N/A       99%         4
 Leda's Liquefaction      Hex/Erth       0%         N/A       99%         4
 Summon Ice Beast         Ice/Summ       0%         N/A       99%         4
 Alistair's Intoxication  Tmut/Pois      0%         N/A       100%        5
 Dispersal                Tloc           0%         N/A       100%        6


Dungeon Overview and Level Annotations

Branches:
Dungeon (5/15)
 Temple: D:4-7

Altars:
Ashenzari
Wu Jian


Innate Abilities, Weirdness & Mutations

You are amphibious.
You cover ground slowly.
You can hop short distances.
You have an extended range of vision and can be seen from far away.


Message History

You completely miss the hound.
The hound is moderately wounded.
The hound barely misses you.
The gnoll hits you but does no damage. x2
The hound barely misses you.
You miss the hound.
The hound is moderately wounded.
The hound closely misses you.
The orc priest looks satisfied for a moment.
The gnoll closely misses you.
The gnoll hits you from afar with a +0 spear.
The hound bites you but does no damage. The gnoll hits you but does no damage.
The gnoll hits you from afar with a +0 halberd.
You hear a shout!
You closely miss the hound.
The hound is moderately wounded.
You hear a shout!
The hound completely misses you. The hound barely misses you.
The gnoll barely misses you. The gnoll hits you but does no damage.
You barely miss the hound.
The hound is moderately wounded.
The hound bites you but does no damage.
The orc priest mumbles some strange prayers to Beogh against you.
Beogh smites you!
The gnoll hits you from afar with a +0 halberd!
* * * LOW HITPOINT WARNING * * *
The gnoll hits you but does no damage. The hound closely misses you.
You are too injured to fight recklessly!
You are too injured to fight recklessly!
You are too injured to fight recklessly!
You are too injured to fight recklessly!
You are too injured to fight recklessly!
You are too injured to fight recklessly!
The hound closely misses you. The hound attacks as you move away!
The hound bites you but does no damage. The gnoll attacks as you move away!
The gnoll closely misses you. The hound attacks as you move away!
The hound bites you but does no damage. x2
An orc comes into view. It is wielding a +0 club.
The orc priest mumbles some strange prayers to Beogh against you.
Beogh smites you!
You die...

#.....# #.(...#
#########....o#+#######
............o.........#
.........###g#........#
.........#.og#........#
.........'...#........#
.........#.hg#.....oo.#
.........#.@##........#
+#########..###+#####...
+...<.......# o.
#...........# .
#...........#
######......# ......#
....... ......


You could see a hound, an orc priest, 3 gnolls and 2 orcs.

Vanquished Creatures
  A black bear (D:4)
  A bullfrog (D:4)
  2 scorpions (D:4)
  3 hounds (D:4)
  An iguana (D:4)
  5 adders
  A worm (D:3)
  A dart slug (D:4)
  8 ball pythons
  5 endoplasms
  5 giant cockroaches
  8 goblins
  7 hobgoblins
  6 kobolds
  3 quokkas
  2 bats
  10 frilled lizards
  4 rats
73 creatures vanquished.

Notes
Turn   | Place    | Note
-------+----------+-------------------------------------------
     0 | D:1      | raph the Barachi Fighter began the quest for the Orb.
     0 | D:1      | Reached XP level 1. HP: 18/18 MP: 1/1
   330 | D:1      | Reached XP level 2. HP: 21/25 MP: 2/2
   694 | D:1      | Reached skill level 3 in Long Blades
   927 | D:1      | Reached XP level 3. HP: 28/30 MP: 3/3
  1098 | D:1      | Found a faded altar of an unknown god.
  1655 | D:2      | Reached XP level 4. HP: 37/37 MP: 4/4
  1743 | D:2      | Reached skill level 4 in Long Blades
  2305 | D:3      | Found a broken altar of Ashenzari.
  3119 | D:4      | Noticed a scorpion
  3124 | D:4      | Killed a scorpion
  3125 | D:4      | Reached skill level 5 in Long Blades
  3125 | D:4      | Reached XP level 5. HP: 23/42 MP: 5/5
  3489 | D:4      | Reached skill level 6 in Long Blades
  3794 | D:4      | Reached XP level 6. HP: 19/48 MP: 6/6
  4185 | D:4      | Reached skill level 7 in Long Blades
  4251 | D:4      | Identified the +7 ring mail of Going Fast {Int+4}
  4388 | D:4      | Found an ornate altar of the Wu Jian Council.
  4512 | D:4      | Noticed a black bear
  4523 | D:4      | Killed a black bear
  4524 | D:4      | Reached skill level 8 in Long Blades
  4563 | D:4      | Reached XP level 7. HP: 54/54 MP: 7/7
  4883 | D:5      | Entered Level 5 of the Dungeon
  4917 | D:5      | Killed from afar by an orc priest

Illustrated notes

Levels and vault maps discovered:
D:1:      eino_arrival_cavern_b, layout_basic, serial_corexii_hall,
          corexii_hall_statues_s, chequers_hall_statues_wall_a,
          ebering_ecumenical_altar_abandoned, hangedman_decor_growths,
          feat_on_display
D:2:      layout_basic, minmay_lizard_pond
D:3:      layout_basic, amcnicky_altar_gilded, chequers_arboretum
D:4:      layout_loops_ring, nicolae_wu_jian_glorious_leap
D:5:      layout_gridville, cheibrodos_gnoll_hut

Skill      XL: |  1  2  3  4  5  6 |
---------------+-------------------+-----
Long Blades    | 3 5 6 8 |  8.5
Fighting       | 4 |  4.0
Armour         | 4 |  4.0
Shields        | |  3.7

Action                   |  1- 3 |  4- 6 |  7- 9 || total
-------------------------+-------+-------+-------++-------
Melee: Long sword        |   103 |    71 |       ||   174
       Great sword       |       |    51 |    17 ||    68
 Abil: Hop               |     1 |     3 |       ||     4
  Use: Scroll            |       |     4 |       ||     4
       Potion            |       |     1 |       ||     1
Armor: Scale mail        |    57 |    51 |       ||   108
       Ring mail         |       |    11 |    32 ||    43
Dodge: Dodged            |    51 |    61 |    31 ||   143
Block: Buckler           |    24 |    19 |       ||    43
